 Dungeon Crawl Stone Soup version 0.20.0-10-g0535bb4 (webtiles) character file.

130 tilp the Firebug (level 5, -2/38 HPs)
             Began as a Hill Orc Fire Elementalist on June 6, 2017.
             Slain by an orc
             ... wielding a +0 war axe
              (5 damage)
             ... on level 2 of the Dungeon.
             The game lasted 00:07:35 (3484 turns).

tilp the Firebug (Hill Orc Fire Elementalist)       Turns: 3484, Time: 00:07:36

Health: -2/38      AC:  2    Str: 11    XL:     5   Next: 14%
Magic:  1/9        EV: 17    Int: 16    God:
Gold:   118        SH:  0    Dex: 16    Spells: 3/9 levels left

rFire    . . .     SeeInvis .   i - +1 short sword
rCold    . . .     Gourm    .   (no shield)
rNeg     . . .     Faith    .   a - +0 robe
rPois    .         Spirit   .   (no helmet)
rElec    .         Reflect  .   (no cloak)
rCorr    .         Harm     .   (no gloves)
MR       .....                  (no boots)
Stlth    +++.......             (no amulet)
Regen    0.2/turn               (no ring)
MPRegen  0.2/turn               (no ring)

@: agile, about to teleport, very slightly contaminated, invisible
A: no striking features
a: no special abilities


You were on level 2 of the Dungeon.
You were not hungry.

You visited 1 branch of the dungeon, and saw 3 of its levels.

You collected 118 gold pieces.

Inventory:

Hand Weapons
 i - a +1 short sword (weapon)
 q - a +0 hand axe
Armour
 a - a +0 robe (worn)
Jewellery
 o - an uncursed amulet of regeneration {unknown}
Scrolls
 d - a scroll of enchant armour {unknown}
 e - a scroll of enchant weapon
 j - a scroll of remove curse
 m - a scroll of fear {unknown}
 p - a scroll of teleportation
 r - 2 scrolls of identify {unknown}
Potions
 g - a potion of agility
 l - a potion of curing {unknown}
 n - a potion of might {unknown}
Books
 b - a book of Flames

   Spells                             Type                      Level
   a - Flame Tongue                   Conjuration/Fire             1
   b - Throw Flame                    Conjuration/Fire             2
   c - Conjure Flame                  Conjuration/Fire             3
   d - Inner Flame                    Hexes/Fire                   3
   e - Sticky Flame                   Conjuration/Fire             4
   f - Fireball                       Conjuration/Fire             5
Comestibles
 c - 2 bread rations
 h - 4 fruits


   Skills:
 + Level 1.8 Short Blades
 - Level 1.5 Dodging
 - Level 1.5 Stealth
 * Level 2.9 Spellcasting
 - Level 1.0 Conjurations
 + Level 4.3 Fire Magic


You had 3 spell levels left.
You knew the following spells:

 Your Spells              Type           Power        Failure   Level  Hunger
a - Flame Tongue          Conj/Fire      ##...        6%          1    #......
b - Throw Flame           Conj/Fire      ##....       10%         2    ##.....
c - Conjure Flame         Conj/Fire      ##......     19%         3    ###....


Dungeon Overview and Level Annotations

Branches:
Dungeon (3/15)

Altars:
Cheibriados


Message History

You feel agile all of a sudden. The adder closely misses you.
The orc barely misses you.
The orc priest shouts, "Join the one true god or die!"
It was a potion of invisibility.
You fade into invisibility!
The adder closely misses you. The orc priest barely misses you.
The adder misses you. The orc misses you.
Okay, then.
As you read the scroll labeled ZANTI OPUTS, it crumbles to dust.
It is a scroll of enchant weapon.
Your +0 short sword glows red for a moment.
The orc priest closely misses you. The adder misses you.
As you read the scroll labeled TUKHEI AMAST, it crumbles to dust.
You feel blessed for a moment.
It was a scroll of remove curse.
The orc closely misses you. The adder bites you but does no damage.
The orc priest barely misses you.
As you read the scroll labeled NUNEIVV FINT, it crumbles to dust.
You feel strangely unstable.
It was a scroll of teleportation.
The adder closely misses you. The orc hits you with a war axe.
You die...

#####.##### #.......#
#.#####.# #.# #.#
####.#####.# #.......##.#
#### #.......##.# #...
######o.>.......# #.##
#....@S........####.##
#.####o..........รท....
#.# #........#####.## #.#
#........# #...
####.###########'## ####
#.......# ##...## ####
#.##.##.# ##.....###...
#.##.#..# ##.......##.##
#.##....####.........#.##


You could see an orc priest, an adder and an orc.

Vanquished Creatures
  A gnoll (D:1)
  4 adders (D:2)
  3 worms (D:2)
  2 leopard geckos
  4 orcs (D:3)
  2 ball pythons
  9 giant cockroaches
  6 goblins
  9 hobgoblins
  4 jackals (D:2)
  5 kobolds
  6 bats
  3 frilled lizards (D:2)
  9 rats
67 creatures vanquished.

Notes
Turn   | Place    | Note
-------+----------+-------------------------------------------
     0 | D:1      | tilp the Hill Orc Fire Elementalist began the quest for the Orb.
     0 | D:1      | Reached XP level 1. HP: 14/14 MP: 3/3
   253 | D:1      | Reached XP level 2. HP: 18/20 MP: 2/4
   508 | D:1      | Learned a level 2 spell: Throw Flame
   556 | D:1      | You fall through a shaft!
   592 | D:2      | Reached skill level 4 in Fire Magic
   675 | D:2      | Reached XP level 3. HP: 21/26 MP: 1/6
   683 | D:2      | Learned a level 3 spell: Conjure Flame
  1838 | D:1      | Reached XP level 4. HP: 32/33 MP: 7/7
  2570 | D:2      | Reached skill level 1 in Short Blades
  2787 | D:2      | Found a snail-covered altar of Cheibriados.
  3106 | D:2      | Reached XP level 5. HP: 28/38 MP: 5/9
  3484 | D:2      | Slain by an orc

Skill      XL: |  1  2  3  4 |
---------------+-------------+-----
Spellcasting   | 2 |  2.9
Fire Magic     | 4 |  4.3
Short Blades   | 1 |  1.8
Dodging        | |  1.5
Stealth        | |  1.5
Conjurations   | |  1.0

Action                   |  1- 3 |  4- 6 || total
-------------------------+-------+-------++-------
Melee: Mace              |    12 |       ||    12
       Short sword       |    52 |    82 ||   134
 Cast: Flame Tongue      |    49 |    39 ||    88
  Use: Scroll            |       |     3 ||     3
       Potion            |       |     2 ||     2
 Stab: Sleeping          |     2 |     1 ||     3
  Eat: Chunk             |     3 |     2 ||     5
       Bread ration      |     1 |       ||     1
Armor: Robe              |    23 |    21 ||    44
Dodge: Dodged            |    65 |    76 ||   141
